 Dungeon Crawl Stone Soup version 0.31.0-12-g77e489cdc1 (webtiles) character file.

Game seed: 7441128717333967540

10394 Doot the Geomancer (level 11, -4/64 HPs)
             Began as an Octopode Earth Elementalist on Feb 21, 2024.
             Was an Elder of Nemelex Xobeh.
             Slain by a vampire mosquito (13 damage)
             ... on level 11 of the Dungeon.
             The game lasted 00:24:03 (12093 turns).

Doot the Geomancer (Octopode Earth Elementalist)   Turns: 12093, Time: 00:24:04

Health: -4/64      AC:  1    Str:  8    XL:     11   Next: 61%
Magic:  10/33      EV: 14    Int: 28    God:    Nemelex Xobeh [****..]
Gold:   561        SH:  0    Dex: 18    Spells: 13/28 levels left

rFire   . . .        s - staff of earth
rCold   . . .        (no shield)
rNeg    . . .        (helmet restricted)
rPois   .            n - amulet of regeneration
rElec   .            b - +6 ring of dexterity
rCorr   .            g - +6 ring of intelligence
SInv    .            y - ring of magical power
Will    .....        (no ring)
Stlth   ++++         (no ring)
HPRegen 1.10/turn    (no ring)
MPRegen 0.23/turn    (no ring)
                     (no ring)

%: no passive effects
@: no status effects
A: almost no armour, amphibious, 8 rings, camouflage 1, gelatinous body 1,
(nimble swimmer 1), tentacles
a: Renounce Religion, Draw Escape, Draw Destruction, Draw Summoning, Triple
Draw, Deal Four


You were on level 11 of the Dungeon.
You worshipped Nemelex Xobeh.
Nemelex Xobeh was greatly pleased with you.
You visited 2 branches of the dungeon, and saw 12 of its levels.
You also visited: Sewer.

You collected 597 gold pieces.
You spent 36 gold pieces at shops.

Inventory:

Hand Weapons
 e - a +0 dagger
 A - a +0 rapier
Missiles
 J - a throwing net
Armour
 N - an orb of mayhem
Magical Staves
 s - a staff of earth (weapon)
Jewellery
 b - a +6 ring of dexterity (left tentacle)
 g - a +6 ring of intelligence (right tentacle)
 n - an amulet of regeneration (around mantle)
 w - an amulet of faith
 y - a ring of magical power (on tentacle)
 M - a ring of fire
Wands
 C - a wand of paralysis (12)
 I - a wand of polymorph (10)
 K - a wand of roots (12)
 R - a wand of digging (4)
Scrolls
 h - 2 scrolls of vulnerability {unknown}
 i - 3 scrolls of enchant armour {unknown}
 j - a scroll of torment {unknown}
 l - 3 scrolls of enchant weapon {unknown}
 m - a scroll of immolation {unknown}
 p - 14 scrolls of identify {unknown}
 q - 4 scrolls of noise {unknown}
 u - 2 scrolls of revelation {unknown}
 v - 3 scrolls of brand weapon {unknown}
 z - 8 scrolls of teleportation {unknown}
 D - a scroll of fog {unknown}
 E - 2 scrolls of poison {unknown}
 G - 3 scrolls of amnesia {unknown}
 O - a scroll of butterflies {unknown}
 Q - a scroll of blinking {unknown}
Potions
 a - a potion of magic
 c - 6 potions of lignification {unknown}
 d - a potion of ambrosia {unknown}
 f - a potion of haste {unknown}
 k - a potion of attraction {unknown}
 o - 2 potions of might {unknown}
 r - a potion of mutation {unknown}
 t - a potion of resistance {unknown}
 x - a potion of cancellation {unknown}
 B - a potion of brilliance {unknown}
 F - a potion of degeneration {unknown}
 H - 6 potions of curing
 L - 2 potions of enlightenment {unknown}
 P - a potion of heal wounds {unknown}


   Skills:
 + Level 2.0 Fighting
 + Level 1.0 Short Blades
 + Level 3.3 Dodging
 + Level 4.8 Stealth
 + Level 9.0 Spellcasting
 + Level 5.6 Conjurations
 * Level 12.3 Earth Magic
 + Level 1.1 Alchemy
 * Level 6.5 Invocations


You had 13 spell levels left.
You knew the following spells:

 Your Spells              Type           Power      Damage    Failure   Level
a - Sandblast             Erth           100%       2d20      1%          1
b - Passwall              Erth           89%        N/A       1%          3
c - Stone Arrow           Conj/Erth      100%       3d13      1%          3
d - Brom's Barrelling Bo  Conj/Erth      76%        2d9       1%          4
e - Petrify               Alch/Erth      66%        N/A       2%          4

Your spell library contained the following spells:

 Spells                   Type           Power      Damage    Failure   Level
 Foxfire                  Conj/Fire      100%       2x1d9     1%          1
 Necrotise                Necr           48%        1d6       4%          1
 Inner Flame              Hex/Fire       12%        N/A       13%         3
 Flame Wave               Conj/Fire      28%        2d9       14%         4
 Sticky Flame             Fire/Alch      15%        2d5       34%         4
 Arcjolt                  Conj/Air       14%        1d24      36%         5
 Vhi's Electric Charge    Tloc/Air       24%        N/A       41%         4
 Plasma Beam              Fire/Air       6%         2x1d16    100%        6


Dungeon Overview and Level Annotations

Branches:
Dungeon (11/15)            Temple (1/1) D:4            Lair (0/5) D:9
    Orc (0/2) D:10          Sewer (visited)

Altars:
Ashenzari
Cheibriados
Dithmenos
Elyvilon
Fedhas
Gozag
Hepliaklqana
Kikubaaqudgha
Makhleb
Nemelex Xobeh
Okawaru
Qazlal
Ru
Sif Muna
Trog
Uskayaw
Vehumet
Wu Jian
Xom
Yredelemnul
Zin
The Shining One

Shops:
D:2 [   D:7 *   D:11 *


Innate Abilities, Weirdness & Mutations

You cannot wear most types of armour.
You are amphibious.
You can wear up to eight rings at the same time.
Your skin changes colour to match your surroundings (Stealth+).
Your rubbery body absorbs attacks. (AC +1, EV +1)
((You are camouflaged when in or above water. (Stealth+)))
You have tentacles for arms and can constrict up to eight enemies at once.


Message History

The stone arrow hits the boulder beetle!
The boulder beetle is severely wounded.
The boulder beetle waves its antennae.
The acid dragon spits acid at you. The splash of acid hits you!!
You feel a surge of power!
The stone arrow hits the boulder beetle!!
The boulder beetle is almost dead.
A vampire mosquito comes into view.
The boulder beetle leaps!
Unknown command.
Unknown command.
You draw a card...
You have drawn the Dance.
The vampire mosquito bites you!
The vampire mosquito draws strength from your injuries!
A vampire mosquito comes into view.
The vampire mosquito misses you.
You draw a card...
You have drawn the Illusion.
Suddenly you stand beside yourself.
The vampire mosquito closely misses you.
The vampire mosquito bites you.
The vampire mosquito draws strength from your injuries!
The acid dragon bites you. The acid dragon barely misses you.
Unknown command.
You draw a card...
You have drawn the Pentagram.
The vampire mosquito bites you.
* * * LOW HITPOINT WARNING * * *
The vampire mosquito draws strength from your injuries!
The vampire mosquito misses you. The acid dragon closely misses you.
The acid dragon barely misses you.
The vampire mosquito closely misses you. x2
The vampire mosquito misses you.
Your hell hound bites the vampire mosquito.
Your +0 hand axe "Riqexur" {protect, ^Contam rPois rF+} hits the acid dragon but does no damage.
Your +0 hand axe "Riqexur" {protect, ^Contam rPois rF+} hits the vampire mosquito.
The vampire mosquito bites you!
* * * LOW HITPOINT WARNING * * *
The vampire mosquito draws strength from your injuries!
The vampire mosquito bites you!
You die...
Your body disappears without a glow.

#.....#.# ... #......
..##.......#.......##......
...........#.......#......>
.........B.# .....#........
. #..@.###..........#..
..##.....##.....##..####
.......#.(.4...####...#
#......#y.D##..#......#
........y@###.....#.#.#
.......h.y.#..##..#.#.#
.......................
........................
.#......................
#.....#........##...##..
#...###.............# ##
... #.............. ..
..(##........


You could see a boulder beetle (ally target), an acid dragon (ally target), 3
vampire mosquitoes, a friendly hellwing (summoned), a friendly hell hound
(summoned), a friendly +0 hand axe "Riqexur" {protect, ^Contam rPois rF+}
(summoned) and the friendly Doot's illusion (summoned).

Vanquished Creatures
  A centaur warrior (D:10)
  A two-headed ogre (D:10)
  Pikel (D:7)
  A cyclops (D:10)
  2 orange demons (D:11)
  Jeremiah (D:9)
  An ice devil (D:11)
  A troll (D:10)
  A hellwing (D:11)
  A shadow (D:7)
  2 wyverns
  2 wraiths
  A basilisk (D:9)
  11 yaks
  A steam dragon (D:9)
  A neqoxec (D:11)
  Menkaure (D:6)
  2 orc warriors
  A black bear (D:9)
  An ice beast (D:6)
  2 sky beasts (D:7)
  An ogre (D:6)
  2 centaurs (D:9)
  5 phantoms
  4 kobold brigands
  8 bullfrogs
  A scorpion (D:6)
  9 wights
  4 howler monkeys
  5 killer bees (D:8)
  A bombardier beetle (D:5)
  2 gnoll boudas
  4 hounds
  A jelly (D:5)
  5 orc priests
  Crazy Yiuf (D:7)
  2 sleepcaps
  2 iguanas (D:7)
  Natasha (thrice) (D:3)
  12 orc wizards
  7 gnolls
  8 adders
  2 shadow imps
  2 white imps
  14 dart slugs
  4 ribbon worms
  30 orcs
  6 bats
  14 endoplasms
  14 giant cockroaches
  8 goblins
  4 hobgoblins
  9 jackals
  24 kobolds
  A quokka (D:1)
  23 ball pythons
  11 frilled lizards
  5 rats (D:3)
294 creatures vanquished.

Vanquished Creatures (collateral kills)
  18 boulders
18 creatures vanquished.

Vanquished Creatures (others)
  21 boulders
21 creatures vanquished.

Grand Total: 333 creatures vanquished

Notes
Turn   | Place    | Note
-------+----------+-------------------------------------------
     0 | D:1      | Doot the Octopode Earth Elementalist began the quest for
                  | the Orb.
     0 | D:1      | Reached XP level 1. HP: 11/11 MP: 3/3
   224 | D:1      | Reached XP level 2. HP: 17/17 MP: 1/5
   593 | D:1      | You fall into a shaft and drop 1 floor!
   677 | D:2      | Found Saschifaa's Armour Boutique.
   773 | D:2      | Reached XP level 3. HP: 21/21 MP: 4/6
  1115 | D:3      | Reached skill level 4 in Earth Magic
  1119 | D:3      | Reached XP level 4. HP: 24/27 MP: 1/7
  1196 | D:3      | Reached XP level 5. HP: 18/31 MP: 0/9
  1261 | D:3      | Noticed Natasha
  1263 | D:3      | Killed Natasha
  1373 | D:3      | Found a glowing drain.
  1390 | Sewer    | Entered a sewer
  1491 | Sewer    | Learned a level 3 spell: Passwall
  1495 | Sewer    | Learned a level 3 spell: Stone Arrow
  1500 | Sewer    | Learned a level 4 spell: Brom's Barrelling Boulder
  1534 | Sewer    | Reached XP level 6. HP: 16/37 MP: 9/11
  1733 | Sewer    | Reached skill level 1 in Short Blades
  1786 | Sewer    | Reached skill level 5 in Earth Magic
  2269 | D:4      | Reached XP level 7. HP: 42/42 MP: 9/13
  2385 | D:4      | Found a staircase to the Ecumenical Temple.
  2390 | Temple   | Entered the Ecumenical Temple
  2457 | Temple   | Became a worshipper of Nemelex Xobeh the Trickster
  3602 | D:3      | Noticed Natasha
  3607 | D:3      | Killed Natasha
  3774 | D:3      | Noticed Natasha
  3777 | D:3      | Killed Natasha
  3930 | D:4      | Reached skill level 5 in Spellcasting
  4262 | D:5      | Entered Level 5 of the Dungeon
  4271 | D:5      | Reached skill level 6 in Earth Magic
  4309 | D:5      | Reached skill level 1 in Fighting
  4309 | D:5      | Reached XP level 8. HP: 48/48 MP: 16/16
  4437 | D:5      | Learned a level 4 spell: Petrify
  5042 | D:6      | Found a broken altar of Ashenzari.
  5043 | D:6      | Reached * piety under Nemelex Xobeh
  5068 | D:6      | Found a snail-covered altar of Cheibriados.
  5068 | D:6      | Found a blossoming altar of Fedhas.
  5069 | D:6      | Found a shimmering altar of Xom.
  5069 | D:6      | Found a hide-covered altar of Uskayaw.
  5069 | D:6      | Found a radiant altar of Vehumet.
  5069 | D:6      | Found a basalt altar of Yredelemnul.
  5185 | D:6      | Noticed Menkaure
  5195 | D:6      | Killed Menkaure
  5196 | D:6      | Reached skill level 7 in Earth Magic
  5423 | D:6      | Reached skill level 8 in Earth Magic
  5553 | D:6      | Received a gift from Nemelex Xobeh
  5564 | D:6      | Reached XP level 9. HP: 53/53 MP: 19/19
  5822 | D:6      | Reached skill level 1 in Invocations
  6029 | D:7      | Noticed Pikel
  6032 | D:7      | Killed Pikel
  6033 | D:7      | Reached skill level 9 in Earth Magic
  6697 | D:7      | Reached XP level 10. HP: 59/59 MP: 13/21
  6723 | D:7      | Reached skill level 10 in Earth Magic
  6858 | D:7      | Found a shadowy altar of Dithmenos.
  6858 | D:7      | Reached ** piety under Nemelex Xobeh
  6907 | D:7      | Found a runed translucent door.
  6908 | D:7      | Noticed Crazy Yiuf
  6979 | D:7      | Found an opulent altar of Gozag.
  7083 | D:7      | Found an ornate altar of the Wu Jian Council.
  7185 | D:7      | Found a shimmering blue altar of Sif Muna.
  7237 | D:7      | Got Sif Muna's Disquisition on Flamy Necromancy
  7242 | D:7      | Found a bloodstained altar of Trog.
  7385 | D:7      | Found Jabimum's Assorted Antiques.
  7512 | D:7      | Killed Crazy Yiuf
  8177 | D:8      | Received a gift from Nemelex Xobeh
  8954 | D:9      | Reached *** piety under Nemelex Xobeh
  9216 | D:9      | Noticed Jeremiah
  9237 | D:9      | Killed Jeremiah
  9315 | D:9      | Found a staircase to the Lair.
  9357 | D:9      | Reached skill level 5 in Invocations
  9617 | D:9      | Reached skill level 11 in Earth Magic
  9855 | D:10     | Entered Level 10 of the Dungeon
 10069 | D:10     | Found a staircase to the Orcish Mines.
 10092 | D:10     | Noticed a two-headed ogre
 10093 | D:10     | Noticed a centaur warrior
 10096 | D:10     | Killed a two-headed ogre
 10097 | D:10     | Reached XP level 11. HP: 48/64 MP: 19/23
 10182 | D:10     | Killed a centaur warrior
 10183 | D:10     | Reached skill level 5 in Conjurations
 10183 | D:10     | Reached skill level 1 in Alchemy
 10506 | D:10     | Noticed a cyclops
 10533 | D:10     | Killed a cyclops
 10912 | D:10     | Found an iron altar of Okawaru.
 11206 | D:11     | Found Byty's General Store.
 11206 | D:11     | Received a gift from Nemelex Xobeh
 11214 | D:11     | Bought a potion of curing for 36 gold pieces
 11455 | D:11     | Identified the +1 robe "Hasin" {Regen+}
 11571 | D:11     | Reached skill level 12 in Earth Magic
 12061 | D:11     | Reached **** piety under Nemelex Xobeh
 12063 | D:11     | Noticed a boulder beetle
 12090 | D:11     | Identified the +0 hand axe "Riqexur" {protect, ^Contam
                  | rPois rF+}
 12093 | D:11     | Slain by a vampire mosquito

Illustrated notes

Levels and vault maps discovered:
D:1:      dpeg_arrival_shrine, layout_loops_ring, amethyst_killhole
D:2:      layout_basic, serial_shops, nicolae_shop_real_fake_doors,
          minmay_cut_off
D:3:      layout_loops_cross, portal_sewer_entry_b, nicolae_wormholes,
          uniq_natasha
D:4:      layout_rooms, temple_doors_e
D:5:      layout_loops_ring
D:6:      layout_loops_ring, grunt_temple_overflow_open, uniq_menkaure
D:7:      minmay_chambers_of_fours, layout_rooms,
          nzn_overflow_gifts_of_might_and_magic, mainiacjoe_overflow_chevrons,
          mainiacjoe_overflow_big_doors, serial_shops,
          nicolae_shop_hallway_stairs, minmay_misc_feat_nine_boxes,
          columned_hall_lemuel, minmay_misc_feat_five, uniq_pikel,
          uniq_crazy_yiuf_cottage
D:8:      layout_basic
D:9:      layout_basic, david_lair_generic, uniq_jeremiah
D:10:     layout_loops_ring, mainiacjoe_overflow_24_doors, orc_0_dummy,
          minmay_misc_feat_four_crosses, amcnicky_mini_rare_corridor_liquid
D:11:     cheibrodos_iron_armory, layout_cave_pools, serial_shops,
          nicolae_stop_n_shop_1, nicolae_neqoxec_dot_bat
Temple:   dpeg_three_leaves_temple

Skill      XL: |  1  2  3  4  5  6  7  8  9 10 11 |
---------------+----------------------------------+-----
Earth Magic    | 4 5 6 8 9 11 12 | 12.3
Stealth        | 3 4 |  4.8
Spellcasting   | 3 4 5 6 7 8 9 |  9.0
Short Blades   | 1 |  1.0
Dodging        | 3 |  3.3
Fighting       | 1 2 |  2.0
Invocations    | 3 5 6 |  6.5
Conjurations   | 2 4 5 |  5.6
Alchemy        | 1 |  1.1

Action                     |  1- 3 |  4- 6 |  7- 9 | 10-12 || total
---------------------------+-------+-------+-------+-------++-------
  Melee: Unarmed           |    11 |       |       |       ||    11
         Constrict         |     3 |    28 |       |       ||    31
         Tentacles         |     3 |    24 |       |     2 ||    29
         Punch             |     1 |       |       |       ||     1
         Dagger            |     4 |    76 |       |       ||    80
         Staff             |       |       |       |     6 ||     6
   Cast: Sandblast         |    45 |    52 |    85 |    10 ||   192
         Stone Arrow       |       |       |    46 |    88 ||   134
         Brom's Barrelling |       |       |    11 |    58 ||    69
         Petrify           |       |       |     2 |     6 ||     8
 Invoke: Draw Summoning    |       |       |       |     3 ||     3
         Draw Escape       |       |       |       |     1 ||     1
   Stab: Sleeping          |     2 |     8 |       |       ||    10
 Armour: Skin              |     9 |    67 |    25 |    52 ||   153
  Dodge: Dodged            |    24 |    86 |    24 |    31 ||   165
